 Dungeon Crawl Stone Soup version 0.18.1-5-g4a78601 (webtiles) character file.

3387 Implojin the Martial Artist (level 9, -2/75 HPs)
             Began as a Mummy Monk on May 14, 2016.
             Slain by a centaur (5 damage)
             ... on level 6 of the Dungeon.
             The game lasted 00:29:25 (15766 turns).

Implojin the Martial Artist (Mummy Monk)           Turns: 15766, Time: 00:29:25

Health: -2/75      AC:  4    Str: 14    XL:     9   Next: 74%
Magic:  9/9        EV: 12    Int: 10    God:
Gold:   301        SH:  7    Dex: 17    Spells: 0 memorised, 8 levels left

rFire  x . .     SeeInvis .       - Unarmed
rCold  + . .     Gourm    .     (no armour)
rNeg   + + +     Faith    .     j - +0 shield
rPois  ∞         Spirit   .     s - +0 helmet
rElec  .         Dismiss  .     d - +0 cloak
rCorr  .         Reflect  .     h - +0 pair of gloves
SustAt .         Harm     .     e - +0 pair of boots
MR     +....                    (no amulet)
Stlth  ++........               o - ring of stealth
                                l - ring of loudness (curse)

@: about to teleport, somewhat resistant to hostile enchantments, unstealthy
A: no food or potions, fire vulnerability, cold resistance 1, negative energy
resistance 3, torment resistance, unbreathing
a: no special abilities


You were on level 6 of the Dungeon.
You were not hungry.

You visited 1 branch of the dungeon, and saw 8 of its levels.

You collected 418 gold pieces.
You spent 117 gold pieces at shops.

Inventory:

Armour
 b - a +0 large shield
 d - a +0 cloak (worn)
 e - a +0 pair of boots (worn)
 h - a +0 pair of gloves (worn)
 j - a +0 shield (worn)
 s - a +0 helmet (worn)
 A - a +0 buckler
Magical Staves
 t - an uncursed staff of cold {unknown}
Jewellery
 i - an uncursed amulet of guardian spirit {unknown}
 l - a cursed ring of loudness (left hand)
 o - a ring of stealth (right hand)
 u - an uncursed ring of fire {unknown}
Wands
 k - a wand of teleportation (3/9)
 w - a wand of confusion (12/48)
 x - a wand of random effects (24/48)
 y - a wand of polymorph (11/24)
 z - a wand of flame (17/48)
Scrolls
 a - a scroll of enchant weapon
 c - a scroll of blinking
 f - 2 scrolls of fog
 g - 2 scrolls of immolation
 p - a scroll of vulnerability
 r - 2 scrolls of identify
Books
 n - a book of Summonings

   Spells                             Type                      Level
   a - Recall                         Summoning/Translocation      3
   b - Aura of Abjuration             Summoning                    5
   c - Summon Demon                   Summoning                    5
   d - Summon Forest                  Summoning/Translocation      5
   e - Summon Mana Viper              Hexes/Summoning              5
   f - Shadow Creatures               Summoning                    6
Comestibles
 m - 5 bread rations


   Skills:
 * Level 8.9 Fighting
 - Level 5.0 Dodging
 - Level 1.5 Stealth
 - Level 9.0 Unarmed Combat


You had 8 spell levels left.
You didn't know any spells.

Dungeon Overview and Level Annotations

Branches:
Dungeon (8/15)             Temple (0/1) D:6
   Lair: D:8-11

Altars:
Makhleb
Nemelex Xobeh
Ru
Vehumet
Xom
Zin

Shops:
D:5 [

Annotations:
D:7 2 exclusions, Joseph
D:8 Zizzlebop's ghost, novice MiFi


Innate Abilities, Weirdness & Mutations

You do not eat or drink.
Your flesh is vulnerable to fire.
You are immune to poison.
Your flesh is cold resistant.
You are immune to negative energy.
You are immune to unholy pain and torment.
You can survive without breathing.


Message History

You hit the orc warrior but do no damage.
The orc warrior is lightly wounded.
You hit the orc warrior but do no damage.
The orc warrior is lightly wounded.
The orc warrior hits you with a trident!
* * * LOW HITPOINT WARNING * * *
You closely miss the orc warrior.
The orc warrior is lightly wounded.
You block the orc warrior's attack.
The orc warrior hits you with a trident!!
* * * LOW HITPOINT WARNING * * *
You climb upwards.
The giant frog croaks.
There is a stone staircase leading down here.
Unknown command.
Read which item? (? for menu, Esc to quit)
As you read the scroll of fear, it crumbles to dust.
You assume a fearsome visage.
The orc warrior looks frightened!
The giant frog looks frightened!
Cornered, the orc warrior turns to fight!
A centaur comes into view.
The centaur moves out of view.
The centaur shouts!
The centaur wields a shortbow.
The centaur shoots an arrow.
You block the arrow.
You see here an arrow.
Read which item? (? for menu, Esc to quit)
As you read the scroll of fog, it crumbles to dust.
The scroll dissolves into smoke.
The centaur shoots an arrow.
The arrow barely misses you.
You hear a distant blaring wail to the west.
The centaur unwields an uncursed shortbow.
The centaur hits you.
* * * LOW HITPOINT WARNING * * *
You barely miss the centaur. The centaur hits you.
* * * LOW HITPOINT WARNING * * *
Read which item? (? for menu, Esc to quit)
As you read the scroll of teleportation, it crumbles to dust.
You feel strangely unstable. The centaur hits you.
You die...

#.........##........# #.#
#)# #.........##((.(....#
#.# #.#
'.........((.......>#
#.####.#
#.........#.....o...#
#.#....#
#.........#§.§......#
#.#.####
#########.#.§.§.....# #.#.#
#.......§§####### #.#.#
#####.......§§#########.#.#
..<##.......§§§c@§......#†#
#####......§§§###########.##
#.....c!§§# #.......#
#.......(.# #.####..#
#.........# #.# #..#
#..!......# #.# #..#
#.........######.####..#
#...>..................#
#.....)...####.<..###.#####


You could see a centaur.

Vanquished Creatures
  Prince Ribbit (D:6)
  Grinder (D:6)
  The ghost of Dingbat the Pure, an amateur FoAK of Lugonu (D:5)
  A hungry ghost (D:7)
  Edmund (D:4)
  Duvessa (D:7)
  A black bear (D:7)
  A necrophage (D:8)
  A phantom (D:4)
  3 ogres
  3 centaurs
  3 giant frogs
  Dowan (D:7)
  4 scorpions (D:4)
  A wyvern skeleton (D:3)
  A howler monkey (D:4)
  A giant frog zombie (D:6)
  4 crimson imps
  4 hounds
  2 jellies (D:5)
  4 orc wizards
  A giant frog skeleton (D:3)
  4 orc priests
  8 worker ants
  2 iguanas
  A hound skeleton (D:3)
  A howler monkey zombie (D:7)
  9 gnolls
  11 adders
  4 oozes
  An adder zombie (D:5)
  An adder skeleton (D:5)
  4 worms
  4 dart slugs
  6 giant geckos
  23 orcs
  A ball python (D:4)
  8 bats
  8 giant cockroaches
  10 goblins
  12 hobgoblins
  9 jackals
  3 quokkas
  4 giant newts
  7 kobolds
  A quokka skeleton (D:4)
  8 rats
191 creatures vanquished.

Vanquished Creatures (others)
  An adder (D:2)
1 creature vanquished.

Grand Total: 192 creatures vanquished

Notes
Turn   | Place    | Note
--------------------------------------------------------------
     0 | D:1      | Implojin the Mummy Monk began the quest for the Orb.
     0 | D:1      | Reached XP level 1. HP: 18/18 MP: 1/1
   140 | D:1      | Reached XP level 2. HP: 17/24 MP: 2/2
   779 | D:1      | Reached skill level 4 in Unarmed Combat
  1185 | D:1      | Reached XP level 3. HP: 29/29 MP: 3/3
  1689 | D:2      | Found a faded altar to an unknown god.
  1952 | D:2      | Reached XP level 4. HP: 34/35 MP: 4/4
  2469 | D:2      | Found a radiant altar of Vehumet.
  2627 | D:2      | Reached skill level 5 in Unarmed Combat
  2913 | D:2      | Found a sacrificial altar of Ru.
  3167 | D:3      | Reached XP level 5. HP: 40/41 MP: 5/5
  3786 | D:3      | HP: 2/41 [wyvern skeleton (10)]
  4268 | D:3      | Found a sparkling altar of Nemelex Xobeh.
  4533 | D:4      | Reached skill level 6 in Unarmed Combat
  4533 | D:4      | Reached XP level 6. HP: 27/47 MP: 6/6
  4696 | D:4      | Noticed Edmund
  5494 | D:4      | Reached skill level 4 in Fighting
  5933 | D:4      | Reached XP level 7. HP: 49/55 MP: 7/7
  6570 | D:4      | Reached skill level 5 in Fighting
  6827 | D:4      | Killed Edmund
  6827 | D:4      | Reached skill level 6 in Fighting
  7329 | D:4      | Found a burning altar of Makhleb.
  7672 | D:5      | Entered Level 5 of the Dungeon
  7676 | D:5      | Reached skill level 7 in Fighting
  7751 | D:5      | Reached XP level 8. HP: 23/67 MP: 8/8
  7974 | D:5      | Found a shimmering altar of Xom.
  8018 | D:5      | Reached skill level 3 in Dodging
  8124 | D:5      | Found Busu's Antique Armour Shop.
  8129 | D:5      | Bought a helmet for 117 gold pieces
  8257 | D:5      | Noticed Dingbat's ghost (amateur FoAK)
  8348 | D:5      | Killed Dingbat's ghost
  8348 | D:5      | Reached skill level 4 in Dodging
  9204 | D:5      | Reached skill level 5 in Dodging
 10011 | D:6      | Reached skill level 7 in Unarmed Combat
 10685 | D:6      | Found a glowing silver altar of Zin.
 10845 | D:6      | Noticed Grinder
 11093 | D:7      | Noticed Joseph
 11305 | D:7      | Reached XP level 9. HP: 50/72 MP: 9/9
 11697 | D:7      | Reached skill level 8 in Unarmed Combat
 11891 | D:7      | Noticed Duvessa
 11934 | D:7      | Noticed Dowan
 12012 | D:7      | Killed Duvessa
 12027 | D:7      | Killed Dowan
 12364 | D:6      | Killed Grinder
 12499 | D:6      | Found a sacrificial altar of Ru.
 12524 | D:6      | Found a staircase to the Ecumenical Temple.
 12578 | D:6      | Reached skill level 9 in Unarmed Combat
 12597 | D:6      | Noticed Prince Ribbit
 13243 | D:8      | Noticed Zizzlebop's ghost (novice MiFi)
 14326 | D:8      | Reached skill level 8 in Fighting
 15563 | D:6      | Killed Prince Ribbit
 15765 | D:6      | HP: 3/75 [centaur (4)]
 15766 | D:6      | Slain by a centaur

Skill      XL: |  1  2  3  4  5  6  7  8  9 |
---------------+----------------------------+-----
Unarmed Combat | 4 5 6 7 9 |  9.0
Fighting       | 4 7 8 |  8.9
Dodging        | 5 |  5.0
Stealth        | |  1.5

Action                   |  1- 3 |  4- 6 |  7- 9 || total
-------------------------+-------+-------+-------++-------
Melee: Unarmed           |   147 |   266 |   630 ||  1043
       Punch             |     1 |     1 |       ||     2
  Use: Scroll            |       |     5 |     7 ||    12
 Stab: Sleeping          |     5 |     2 |     2 ||     9
       Distracted        |       |     1 |       ||     1
Armor: Skin              |    18 |    36 |    61 ||   115
Dodge: Dodged            |    96 |   131 |   252 ||   479
Block: Shield            |       |    57 |   172 ||   229

Table legend:
 A = Turns spent in this place as a percentage of turns spent in the entire game.
 B = Non-inter-level travel turns spent in this place as a percentage of non-inter-level travel turns spent in the entire game.
 C = Inter-level travel turns spent in this place as a percentage of turns spent in this place.
 D = Turns resting spent in this place as a percentage of non-inter-level travel turns spent in this place.
 E = Turns spent auto-exploring this place as a percentage of non-inter-level travel turns spent in this place.
 F = Non-inter-level travel turns spent in this place divided by the number of levels of this place that you've seen.
                   A       B       C       D       E      F
               +-------+-------+-------+-------+-------+----------------------
         Total | 100.0 | 100.0 |   0.5 |   4.3 |   4.8 | 510.9
       Dungeon | 100.0 | 100.0 |   0.5 |   4.3 |   4.8 | 510.9
               +-------+-------+-------+-------+-------+----------------------

Table legend:
 A = Kills in this place as a percentage of kills in entire the game.
 B = Kills by you in this place as a percentage of kills by you in the entire game.
 C = Kills by friends in this place as a percentage of kills by friends in the entire game.
 D = Other kills in this place as a percentage of other kills in the entire game.
 E = Experience gained in this place as a percentage of experience gained in the entire game.
 F = Experience gained in this place divided by the number of levels of this place that you have seen.
                   A       B       C       D       E      F
               +-------+-------+-------+-------+-------+----------------------
         Total | 100.0 | 100.0 |  -nan |  -nan | 100.0 | 604.9
       Dungeon | 100.0 | 100.0 |  -nan |  -nan | 100.0 | 604.9
               +-------+-------+-------+-------+-------+----------------------
